 Dungeon Crawl Stone Soup version 0.29.0-4-gdea44cf6ec (webtiles) character file.

Game seed: 5544339737703720928

16 qw the Chopper (level 2, -1/17 HPs)
             Began as a Tengu Warper on Aug 28, 2022.
             Killed from afar by Sigmund (4 damage)
             ... with a puff of flame
             ... on level 2 of the Dungeon.
             The game lasted 00:00:05 (1248 turns).

qw the Chopper (Tengu Warper)                       Turns: 1248, Time: 00:00:06

Health: -1/17      AC:  4    Str: 11    XL:     2   Next: 58%
Magic:  6/6        EV: 11    Int: 13    God:
Gold:   10         SH:  0    Dex: 13    Spells: 5/5 levels left

rFire   . . .      SeeInvis .   Y - +0 hand axe
rCold   . . .      Faith    .   (no shield)
rNeg    . . .      Spirit   .   b - +0 leather armour
rPois   .          Reflect  .   g - +1 hat
rElec   .          Harm     .   (no cloak)
rCorr   .          Rampage  .   (no gloves)
Will    .....                   (boots unavailable)
Stlth   +.........              (no amulet)
HPRegen 0.05/turn               (no ring)
MPRegen 0.10/turn               (no ring)

@: no status effects
A: beak, talons 3
a: no special abilities


You were on level 2 of the Dungeon.
You visited 1 branch of the dungeon, and saw 2 of its levels.

You collected 10 gold pieces.


Innate Abilities, Weirdness & Mutations

You have a beak for a mouth.
You have claws for feet.


   Skills:
 - Level 2.0 Fighting
 + Level 3.4 Axes
 - Level 1.0 Throwing
 - Level 1.1 Armour
 - Level 2.1 Dodging
 - Level 2.0 Spellcasting
 - Level 2.4 Translocations


You had 5 spell levels left.
You didn't know any spells.
Your spell library contained the following spells:

 Spells                   Type           Power      Damage    Failure   Level
 Blink                    Tloc           14%        N/A       19%         2
 Gell's Gravitas          Tloc           7%         N/A       36%         3
 Lesser Beckoning         Tloc           7%         N/A       36%         3
 Teleport Other           Tloc           7%         N/A       36%         3
 Manifold Assault         Tloc           7%         N/A       98%         5

Inventory:

Hand Weapons
 i - a +0 club
 Y - a +0 hand axe (weapon)
Missiles
 a - 2 boomerangs (quivered)
Armour
 b - a +0 leather armour (worn)
 g - a +1 hat (worn)
Potions
 c - a potion of attraction {unknown}
 d - a potion of magic {unknown}
 e - a potion of ambrosia {unknown}
 f - a potion of lignification {unknown}

Dungeon Overview and Level Annotations

Branches:
Dungeon (2/15)

Altars:

Annotations:
D:2 Sigmund


Message History

1233 ||| Stepping ~*~*~tactically~*~*~ (hiding).
1234 ||| Stepping ~*~*~tactically~*~*~ (hiding).
Sigmund misses you.
You hit Sigmund. You claw Sigmund.
Sigmund is lightly wounded.
Sigmund closely misses you.
You closely miss Sigmund. You peck Sigmund.
Sigmund is lightly wounded.
Sigmund barely misses you.
You closely miss Sigmund. You claw Sigmund. You peck Sigmund, but do no damage.
Sigmund is moderately wounded.
Sigmund points at you and mumbles some strange words.
You resist with significant effort.
You hit Sigmund but do no damage. Your kick misses Sigmund.
Sigmund is moderately wounded.
Sigmund laughs darkly.
Sigmund hits you with a +2 vampiric scythe!
Ouch! That really hurt!
Sigmund draws strength from your wounds!
You hit Sigmund. You claw Sigmund.
Sigmund is lightly wounded.
You hit Sigmund but do no damage. Your kick misses Sigmund.
Sigmund is lightly wounded.
Sigmund gestures wildly while chanting.
Sigmund flickers and vanishes!
Deactivating autopickup; reactivate with Ctrl-A.
You miss something. Your peck misses something. Something hits you.
You slash something! Something hits you.
You hit something. You claw something. Something hits you.
You miss something. You claw something. You miss something. You claw something!
Something hits you but does no damage.
You hit something.
You hear some strange, mumbled words.
A puff of flame appears from out of thin air!
The puff of flame hits you.
You die...

.# .. #. .# #.# .#
# #..## .###.
#..###..... .#
#####...#..## .#
#.....@{....#####.
#..<.##..##....#..
#.........### ..#
########....####.#
#.##...##.##
#.####.....# #.#
###...##### #.#
##......# #..
#..##....


There were no monsters in sight!

Vanquished Creatures
  2 endoplasms
  A giant cockroach (D:1)
  3 hobgoblins (D:1)
  A ball python (D:2)
  A bat (D:1)
  2 frilled lizards (D:1)
  3 goblins (D:1)
  A kobold (D:1)
  2 rats (D:1)
16 creatures vanquished.

Notes
Turn   | Place    | Note
-------+----------+-------------------------------------------
     0 | D:1      | qw the Tengu Warper began the quest for the Orb.
     0 | D:1      | Reached XP level 1. HP: 12/12 MP: 4/4
     0 | D:1      | 0 ||| qw: Version: 0.1-a-89-g26bdef1
     0 | D:1      | 0 ||| qw: Game counter: 665
     0 | D:1      | 0 ||| qw: Always use a shield: true
     0 | D:1      | 0 ||| qw: God list: Okawaru
     0 | D:1      | 0 ||| qw: Allow faded altars: false
     0 | D:1      | 0 ||| qw: Do Orc after D:15 true
     0 | D:1      | 0 ||| qw: Do second Lair branch before Depths: true
     0 | D:1      | 0 ||| qw: Lair rune preference: random
     0 | D:1      | 0 ||| qw: Plans: Normal
     0 | D:1      | 0 ||| PLANNING D:1-11
   230 | D:1      | 230 ||| Stepping ~*~*~tactically~*~*~ (stealth).
   397 | D:1      | Reached skill level 3 in Axes
   397 | D:1      | Reached XP level 2. HP: 17/17 MP: 6/6
   906 | D:1      | 906 ||| UPGRADING to +1 hat.
   911 | D:1      | 911 ||| READING scroll labelled JEKHALL NOLO.
   912 | D:1      | 912 ||| READING scroll labelled GUMUMP ANOI.
   913 | D:1      | 913 ||| READING scroll labelled CUFE SEDAFINO.
   918 | D:1      | 918 ||| DROPPING scroll of blinking.
   992 | D:2      | Noticed Sigmund
   993 | D:2      | 993 ||| FLEEEEING.
   994 | D:2      | 994 ||| FLEEEEING.
   995 | D:2      | 995 ||| FLEEEEING.
   996 | D:2      | 996 ||| FLEEEEING.
   997 | D:2      | 997 ||| FLEEEEING.
  1004 | D:2      | 1004 ||| FLEEEEING.
  1005 | D:2      | 1005 ||| FLEEEEING.
  1006 | D:2      | 1006 ||| FLEEEEING.
  1007 | D:2      | 1007 ||| FLEEEEING.
  1008 | D:2      | 1008 ||| FLEEEEING.
  1009 | D:2      | 1009 ||| FLEEEEING.
  1010 | D:2      | 1010 ||| STAIRDANCE
  1233 | D:2      | 1233 ||| Stepping ~*~*~tactically~*~*~ (hiding).
  1234 | D:2      | 1234 ||| Stepping ~*~*~tactically~*~*~ (hiding).
  1244 | D:2      | HP: 3/17 [something (4)]
  1248 | D:2      | Killed from afar by Sigmund

Levels and vault maps discovered:
D:1:      wander_arrival_lonely_grave, layout_basic
D:2:      layout_rooms, uniq_sigmund

Skill      XL: |  1 |
---------------+----+-----
Axes           | 3 |  3.4
Fighting       | |  2.0
Throwing       | |  1.0
Armour         | |  1.1
Dodging        | |  2.1
Spellcasting   | |  2.0
Translocations | |  2.4

Action                   || total
-------------------------++-------
Melee: Hand axe          ||    44
       Kick              ||    15
       Peck              ||     7
Throw: Boomerang         ||    10
  Use: Scroll            ||     3
Armor: Leather armour    ||    11
Dodge: Dodged            ||    15

Table legend:
 A = Non-vault XP
 B = Vault XP
 C = Vault XP percentage of total XP
 D = Non-vault monster count
 E = Vault monster count
 F = Vault count percentage of total count
                 A         B        C        D         E       F
            +---------+---------+-------+---------+---------+-------
      Total |      24 |       0 |   0.0 |      16 |       0 |   0.0
            +---------+---------+-------+---------+---------+-------
        D:1 |      21 |       0 |   0.0 |      14 |       0 |   0.0
        D:2 |       3 |       0 |   0.0 |       2 |       0 |   0.0
            +---------+---------+-------+---------+---------+-------
